[Event "*** Titled Tuesday 3|2 Blitz"]
[Site "Chess.com"]
[Date "2015.11.03"]
[Round "2"]
[White "AleksandrNevski"]
[Black "Boryboy"]
[Result "1/2-1/2"]
[WhiteElo "2315"]
[BlackElo "2453"]
[TimeControl "180+2"]
[EndTime "11:23:40 PST"]
[Termination "Game drawn by agreement"]

1. Nf3 d5 2. g3 Nf6 3. Bg2 e6 4. O-O b5 5. d3 Be7 6. e4 Bb7 7. exd5 exd5 8. Nh4 O-O 9. Nf5 Re8 10. Nxe7+ Qxe7 11. Bg5 h6 12. Bxf6 Qxf6 13. Nc3 c6 14. Qd2 Nd7 15.
Rfe1 Nc5 16. b4 Ne6 17. a4 a6 18. axb5 axb5 19. Rxa8 Rxa8 20. Ne2 Qb2 21. h4 Bc8 22.
Nf4 Ra4 23. Bh3 Ra1 24. Bxe6 Bxe6 25. Kg2 Rxe1 26. Qxe1 Qf6 27. c3 Kh7 28. h5 Bf5 29. d4 g5 30. hxg6+ fxg6 31. f3 g5 32. Ne2 g4 33. Nf4 gxf3+ 34. Kxf3 Be4+ 35. Ke3 Qg5 36. Qf2 Kg8 37. Kd2 Qg4 38. Kc1 h5 39. Ne2 Bh7 40. Kd2 Qg6 41. Qf4 Qc2+ 42. Ke1 Bd3 43. Qg5+ Kf8 44. Qf6+ Kg8 45. Qg5+ Bg6 46. Qd8+ Kh7 47. Qc7+ Kh6 48. Qf4+ Kh7 49. Qc7+ Kg8 50. Qd8+ Kf7 51. Qc7+ Kf8 52. Qd6+ Kg8 53. Qd8+ Kg7 54. Qc7+ Bf7 55.
Qe5+ Kh7 56. Qe7 Kg8 57. Qd8+ Kg7 58. Qg5+ Kf8 59. Qd8+ Kg7 60. Qg5+ Qg6 61. Qxg6+ Kxg6 62. Kf2 Kf5 63. Ke3 Kg4 64. Kf2 h4 65. gxh4 Kxh4 66. Ke3 Kg4 67. Nc1 Kf5 68. Nb3 Ke6 69. Nc5+ Kd6 70. Kf4 Bg6 1/2-1/2

[Event "*** Titled Tuesday 3|2 Blitz"]
[Site "Chess.com"]
[Date "2015.11.03"]
[Round "2"]
[White "Goala"]
[Black "WanderingPuppet"]
[Result "1/2-1/2"]
[WhiteElo "2233"]
[BlackElo "2223"]
[TimeControl "180+2"]
[EndTime "11:23:46 PST"]
[Termination "Game drawn by repetition"]

1. d4 Nf6 2. c4 g6 3. Nc3 Bg7 4. e4 d6 5. h3 O-O 6. Bg5 Nbd7 7. Nf3 a6 8. Be2 c6 9. O-O b5 10. Bd3 bxc4 11. Bxc4 d5 12. Bd3 dxe4 13. Nxe4 Rb8 14.
Qe2 Qb6 15. b3 Nxe4 16. Qxe4 e6 17. Rac1 c5 18. Be7 Bb7 19. Qf4 cxd4 20. Bxf8 e5 21.
Qg4 Nf6 22. Qg3 Nh5 23. Qg5 Rxf8 24. Nd2 Nf4 25. Be4 Ne2+ 26. Kh1 Nxc1 27. Rxc1 h6 28. Qg3 Qb4 29. Bxb7 Qxb7 30. Nc4 Qe4 31. Kg1 Qe2 32. Rf1 Qxa2 33. Nxe5 a5 34. Nc4 a4 35. Qd3 Qxb3 36.
Qxb3 axb3 37. Rb1 Rb8 38. Kf1 d3 39. Ke1 Bc3+ 40. Kd1 Kg7 41. Nd2 Bxd2 42. Kxd2 b2 43. Kxd3 Kf6 44. Kc2 Ke5 45. Rxb2 Rxb2+ 46. Kxb2 Ke4 47.
Kc2 f5 48. Kd2 f4 49. Ke2 g5 50. f3+ Ke5 51. Kd1 Kd5 52. Kc2 Kd4 53. Kd2 Kc4 54.
Kc2 Kd4 55. Kd2 Kc4 56. Kc2 Kd4 57. Kd2 h5 58. Ke2 Kc3 59. Ke1 Kd3 60. Kd1 Ke3 61.
Ke1 Kd3 62. Kd1 Kc3 63. Kc1 Kd3 64. Kd1 Ke3 65. Ke1 h4 66. Kf1 Kd2 67. Kf2 Kd1 68. Kf1 Kd2 69. Kf2 Kd1 70. Kf1 Kd2 71. Kf2 Kd3 72.
Ke1 Ke3 73. Kf1 Kd2 74. Kf2 Kd1 75. Kf1 Kd2 1/2-1/2

[Event "*** Titled Tuesday 3|2 Blitz"]
[Site "Chess.com"]
[Date "2015.11.03"]
[Round "2"]
[White "sorito"]
[Black "Matibar"]
[Result "0-1"]
[WhiteElo "2044"]
[BlackElo "1968"]
[TimeControl "180+2"]
[EndTime "11:23:46 PST"]
[Termination "Matibar won by resignation"]

1. d4 e6 2. c4 Bb4+ 3. Bd2 c5 4. Nf3 Nf6 5. Nc3 cxd4 6. Nxd4 Nc6 7. e3 O-O 8. Be2 Nxd4 9. exd4 d5 10. c5 b6 11. a3 Bxc3 12. Bxc3 Ne4 13. Rc1 Bd7 14.
O-O Rc8 15. b4 Qe8 16. Bb2 Bb5 17. f3 Nf6 18. Re1 Qd7 19. Bd3 Rc7 20. Qe2 Bxd3 21.
Qxd3 Rfc8 22. g4 Qa4 23. h3 Nd7 24. Qc2 Qb5 25. Qc3 a5 26. Re3 a4 27. Qd3 Qxd3 28.
Rxd3 b5 29. Re3 Nb8 30. Rce1 Nc6 31. f4 g6 32. Rf3 Re7 33. Kf2 f6 34. Rfe3 Kf7 35.
Ke2 Rh8 36. Rf1 Ke8 37. Kd3 Kd7 38. Bc1 Rf7 39. Rg3 Re8 40. h4 Ree7 41. h5 e5 42.
fxe5 fxe5 43. Rxf7 e4+ 44. Ke2 Rxf7 45. Be3 Ke6 46.
hxg6 hxg6 47. Rh3 Ra7 48. Rh8 Rc7 49. Rg8 Kf7 50. Ra8 Kg7 51. Ra6 Kf7 52. Rb6 Rc8 53.
Rxb5 Rh8 54. Rb7+ Ke6 55. Rc7 Rh2+ 56. Kf1 Ne7 57. b5 Rh3 58. Bf4 Rf3+ 59. Ke2 Rxf4 60.
b6 Rf8 61. c6 Rb8 62. b7 Kd6 63. Rd7+ Kxc6 64. Rxe7 Rxb7 65. Re6+ Kb5 66. Ke3 g5 67. Re5 Kc4 68. Rxg5 Rb3+ 69. Kf4 Kxd4 70. Rg8 Rxa3 71. g5 Rf3+ 72. Kg4 Rf1 73. Ra8 Ke3 74. Rxa4 d4 75.
g6 d3 76. g7 Rg1+ 77. Kf5 Rxg7 78. Rxe4+ Kf2 79. Rd4 Ke2 80. Re4+ Kd1 81. Re8 d2 82. Ke4 Rc7 83. Kd3 Kc1 0-1

[Event "*** Titled Tuesday 3|2 Blitz"]
[Site "Chess.com"]
[Date "2015.11.03"]
[Round "2"]
[White "ChadaevNikolay"]
[Black "pedromartinez91"]
[Result "0-1"]
[WhiteElo "2563"]
[BlackElo "2191"]
[TimeControl "180+2"]
[EndTime "11:25:19 PST"]
[Termination "pedromartinez91 won by resignation"]

1. d4 d5 2. Nf3 Nc6 3. Bf4 Bg4 4. e3 e6 5. Nbd2 Bd6 6. Bxd6 cxd6 7. Be2 Nf6 8. O-O O-O 9. Rc1 e5 10. h3 Bh5 11. c3 Qb6 12. Nb3 a5 13. a4 Rfe8 14.
Re1 h6 15. Nfd2 Bg6 16. Bb5 Re7 17. Bf1 Rc8 18. Nf3 Bh5 19. Be2 Bg6 20. Nh4 Bh7 21. Nf3 Bg6 22. Kf1 Rd8 23. Ra1 Ne4 24. Kg1 Bh5 25.
Ra2 Re6 26. Nbd2 Nf6 27. Qb3 Qxb3 28. Nxb3 Ne4 29. Raa1 Rc8 30. Rad1 Nf6 31. Nh4 Bxe2 32. Rxe2 e4 33. Nf5 Kh7 34. Rc1 g6 35. Ng3 Re7 36. Rec2 Rec7 37. Rd2 Nb4 38. Ra1 Nc6 39. Ne2 g5 40. g4 Kg6 41. Kg2 b6 42. Ng3 Ne7 43. f3 exf3+ 44. Kxf3 h5 45. Rf2 Rh8 46. Raf1 hxg4+ 47. hxg4 Rh4 48. Ke2 Nxg4 49. Rxf7 Rh3 50. R7f3 Nh2 51.
Rf6+ Kg7 52. Rf7+ Kg8 53. Rf8+ Kg7 54. R1f7+ Kg6 55. Nf1 Nxf1 56. Rxf1 Rh2+ 57. Kd3 Rxb2 58. Nd2 Nc6 59. R8f6+ Kg7 60. Rxd6 Ne7 61. Rg1 Ra2 62. Rxg5+ Kf7 63. Nf3 Ra3 64. Ne5+ Ke8 65. Rxb6 Rcxc3+ 66. Kd2 Rcb3 67. Rxb3 Rxb3 68. Rh5 Kd8 69. Rh8+ Kc7 70. Ra8 Rb2+ 71. Kc3 Re2 72. Kd3 Ra2 73. Rxa5 Nf5 74. Rc5+ Kd6 75. Nf7+ Ke7 76. Ng5 Ra3+ 77. Kd2 Nxe3 78.
Ke2 Kd6 79. Nf7+ Ke6 80. Ne5 Nf5 81. Rc6+ Ke7 82. Kd2 Rxa4 83. Rc7+ Kd6 84. Rc6+ Ke7 85. Nd3 Nxd4 86. Rh6 Nf3+ 87. Ke3 Ng5 88. Nf4 Re4+ 89. Kd3 Rxf4 90. Rg6 Ne6 0-1

[Event "*** Titled Tuesday 3|2 Blitz"]
[Site "Chess.com"]
[Date "2015.11.03"]
[Round "2"]
[White "stepanosinovsky"]
[Black "darsen_sanzhaev"]
[Result "0-1"]
[WhiteElo "2274"]
[BlackElo "2252"]
[TimeControl "180+2"]
[EndTime "11:25:38 PST"]
[Termination "darsen_sanzhaev won by resignation"]

1. e4 c5 2. Nf3 Nc6 3. Nc3 e6 4.
Bb5 Nd4 5. Nxd4 cxd4 6. Nb1 a6 7.
Be2 d6 8. O-O Nf6 9. d3 Be7 10.
c3 dxc3 11. Nxc3 O-O 12. Be3 b5 13. h3 Bb7 14. a3 d5 15. exd5 Nxd5 16. Nxd5 Qxd5 17.
Bf3 Qd7 18. Bxb7 Qxb7 19. Qf3 Qxf3 20. gxf3 Rfd8 21. Rfd1 Bf6 22. Rd2 Rac8 23. Kf1 Rd5 24. Ke2 g6 25. Rh1 Rd7 26. Rb1 Rdc7 27. Kd1 Rc6 28. Ke2 Rc1 29. Rxc1 Rxc1 30. d4 Rh1 31. d5 exd5 32. Rxd5 Rxh3 33. Rd6 Bxb2 34. Rxa6 Rh4 35. Ra5 Kg7 36. Rxb5 Bxa3 37. f4 Be7 38. Rb7 Bf6 39. Kf3 Rh1 40. Rb8 h5 41. Bc5 Rc1 42. Bf8+ Kh7 43.
Rb7 Kg8 44. Rb8 Rc3+ 45. Kg2 Rc2 46. Bc5+ Kg7 47. Be3 Rb2 48. Ra8 Rb4 49. Ra7 Bd4 50.
Rd7 Bxe3 51. fxe3 Kf6 52. Kf3 Rb6 53. Rd5 Ke6 54. Re5+ Kf6 55. Ra5 Rd6 56. Rb5 Ke7 57.
Rb7+ Ke6 58. Rb5 Rd1 59. Rb6+ Ke7 60. Rb7+ Kf6 61. Rb6+ Kg7 62. Rb7 Rd6 63. Ra7 Re6 64. Ra5 Kf6 65. Ra7 Re7 66. Ra6+ Kg7 67. Ra5 f6 68. Rb5 Kh6 69. Rb6 Rf7 70. Kg3 Kg7 71. Rb5 Ra7 72. Kf3 Ra6 73. Rb8 g5 74. Rb5 Kg6 75. Kg3 Re6 76. Kf3 g4+ 77. Kf2 Re4 78. Rb8 h4 79. Rh8 h3 80. Rg8+ Kf5 81. Rh8 Rb4 82.
Rh5+ Kg6 83. Rh8 Rb2+ 84. Kg3 Rg2+ 85. Kh4 h2 86. f5+ Kxf5 87. e4+ Kf4 0-1

[Event "*** Titled Tuesday 3|2 Blitz"]
[Site "Chess.com"]
[Date "2015.11.03"]
[Round "2"]
[White "yurisolo"]
[Black "GregShahade"]
[Result "1-0"]
[WhiteElo "2488"]
[BlackElo "2308"]
[TimeControl "180+2"]
[EndTime "11:25:58 PST"]
[Termination "yurisolo won on time"]

1. e4 c5 2. d4 cxd4 3. Nf3 g6 4. Qxd4 Nf6 5. Nc3 Nc6 6. Qa4 d6 7. e5 dxe5 8. Nxe5 Bd7 9. Nxd7 Qxd7 10. Be3 Bg7 11.
Rd1 Qg4 12. Qb3 O-O 13. h3 Qb4 14. Bc4 Qxb3 15. Bxb3 Rfd8 16. Ke2 Na5 17. Rxd8+ Rxd8 18. Bxa7 Nxb3 19. axb3 Nd5 20. Nxd5 Rxd5 21. Rb1 Ra5 22. Be3 Ra2 23. Bc1 Ra6 24. c3 Re6+ 25. Be3 f5 26.
Kf3 Rd6 27. Bc5 Rd7 28. Ke2 Rd5 29. b4 Re5+ 30. Kf3 Rd5 31. Bxe7 Kf7 32. Bc5 Rd2 33. Re1 Rxb2 34. Re7+ Kg8 35. Rxb7 Bxc3 36. Kf4 h6 37. g4 fxg4 38. hxg4 Re2 39. Be3 Rb2 40.
b5 Rb4+ 41. Kf3 h5 42. gxh5 gxh5 43. b6 Be5 44. Re7 Bh2 45. b7 h4 46. Kg2 Bd6 47. Rd7 Be5 48. Ba7 Ra4 49. b8=Q+ Bxb8 50. Bxb8 Rb4 51.
Bh2 Rg4+ 52. Kh3 Re4 53. f4 Kf8 54. Kxh4 Re2 55. Bg3 Rg2 56. Kg4 Ke8 57. Ra7 Rb2 58. Kg5 Kf8 59. f5 Rg2 60. Kf4 Rb2 61. Bh4 Rb4+ 62. Kg5 Kg8 63. Bf2 Rb2 64. Bd4 Rd2 65. Be5 Re2 66. Kf6 Rc2 67. Ke6 Rc6+ 68. Bd6 Rc1 69. f6 Re1+ 70. Be5 Rf1 71. f7+ Rxf7 72. Ra8+ Rf8 73. Ra2 Re8+ 74. Kf6 Rf8+ 75. Kg6 Rf7 76. Rh2 Rg7+ 77. Kf6 Rf7+ 78. Ke6 Re7+ 79. Kf5 Rh7 80. Rg2+ Kf7 81. Ra2 Rh5+ 82. Ke4 Ke6 83. Ra6+ Kf7 84. Kd5 Kg8 85. Rf6 Rh7 86. Ke6 Rb7 87. Rg6+ Kh7 88. Rg2 Rb6+ 89. Kf5 Rg6 90. Rh2+ Rh6 91. Rc2 Rh5+ 92. Kf6 Rh6+ 93. Kf7 Rh5 94. Bf6 Rh3 95. Rc8 1-0

[Event "*** Titled Tuesday 3|2 Blitz"]
[Site "Chess.com"]
[Date "2015.11.03"]
[Round "3"]
[White "JammyDodger91"]
[Black "kharposh"]
[Result "1-0"]
[WhiteElo "2226"]
[BlackElo "2052"]
[TimeControl "180+2"]
[EndTime "11:28:18 PST"]
[Termination "JammyDodger91 won by resignation"]

1. e4 e5 2. Nf3 Nc6 3. Bb5 Nf6 4. O-O Nxe4 5. Re1 Nd6 6. Nxe5 Nxe5 7. Rxe5+ Be7 8.
Nc3 Nxb5 9. Nd5 O-O 10. Nxe7+ Kh8 11. Qh5 g6 12. Qh6 d6 13. Rh5 1-0

[Event "*** Titled Tuesday 3|2 Blitz"]
[Site "Chess.com"]
[Date "2015.11.03"]
[Round "3"]
[White "Danirod"]
[Black "3f32"]
[Result "1-0"]
[WhiteElo "2426"]
[BlackElo "2278"]
[TimeControl "180+2"]
[EndTime "11:28:50 PST"]
[Termination "Danirod won by resignation"]

1. e4 e5 2. Nf3 Nc6 3. Bc4 Bc5 4. c3 Nf6 5. d4 exd4 6. cxd4 Bb4+ 7. Bd2 Bxd2+ 8.
Nbxd2 d5 9. exd5 Nxd5 10. Qb3 Na5 11. Qa4+ Nc6 12. Qa3 Qe7+ 13. Qxe7+ Ncxe7 14. O-O O-O 15. Rfe1 c6 16. Ne4 Rd8 17. Rac1 h6 18. h3 Bf5 19. Nc5 Rab8 20. a3 Kf8 21. Ne5 Nb6 22. Bxf7 Rxd4 23. Bb3 Ng6 24. Nxg6+ Bxg6 25. Ne6+ 1-0

[Event "*** Titled Tuesday 3|2 Blitz"]
[Site "Chess.com"]
[Date "2015.11.03"]
[Round "3"]
[White "Dlugy"]
[Black "Izoria123"]
[Result "1/2-1/2"]
[WhiteElo "2559"]
[BlackElo "2408"]
[TimeControl "180+2"]
[EndTime "11:29:01 PST"]
[Termination "Game drawn by agreement"]

1. d4 d5 2. Bf4 Bg4 3. h3 Bh5 4.
Nd2 c6 5. c3 Nd7 6. Qb3 Qb6 7. e4 e6 8. Bd3 Bg6 9. Qc2 dxe4 10. Nxe4 Ngf6 11. Nxf6+ Nxf6 12. Bxg6 hxg6 13. Nf3 Be7 14. O-O O-O 15. Rfe1 c5 16. Rad1 Rfd8 17.
Be5 cxd4 18. Bxd4 Bc5 19. Bxc5 Qxc5 20. Rxd8+ Rxd8 21. Rd1 Rd5 1/2-1/2

[Event "*** Titled Tuesday 3|2 Blitz"]
[Site "Chess.com"]
[Date "2015.11.03"]
[Round "3"]
[White "PowerThinking2650"]
[Black "Badouuu"]
[Result "1-0"]
[WhiteElo "2110"]
[BlackElo "1941"]
[TimeControl "180+2"]
[EndTime "11:30:39 PST"]
[Termination "PowerThinking2650 won by resignation"]

1. e4 c5 2. Nf3 Nc6 3. d4 cxd4 4. Nxd4 e5 5. Nb5 d6 6. c4 Be7 7. Be2 a6 8. N5c3 f5 9. exf5 Bxf5 10. O-O Nf6 11. Nd5 O-O 12. Nbc3 Nd4 13. Nxe7+ Qxe7 14. Bg5 h6 15. Nd5 Nxd5 16. Bxe7 Nxe7 17. Bd3 e4 18. Bxe4 Nec6 19. Bxc6 Nxc6 20. Qxd6 Rad8 21. Qc7 Rd7 22. Qb6 Nd4 23. Rad1 Ne2+ 24. Kh1 Rdf7 25. Qe3 Bg4 26. f3 Rf6 27. Qxe2 Kh8 28. fxg4 Rxf1+ 1-0

[Event "*** Titled Tuesday 3|2 Blitz"]
[Site "Chess.com"]
[Date "2015.11.03"]
[Round "3"]
[White "NMJeevanK"]
[Black "xdb"]
[Result "1-0"]
[WhiteElo "2234"]
[BlackElo "2085"]
[TimeControl "180+2"]
[EndTime "11:30:52 PST"]
[Termination "NMJeevanK won by resignation"]

1. e4 c5 2. Nf3 e6 3. d4 cxd4 4.
Nxd4 a6 5. Bd3 Bc5 6. Nb3 Be7 7. c4 d6 8. Nc3 Nf6 9. O-O Qc7 10. Kh1 b6 11. Be3 Bb7 12. Nd2 Nbd7 13. f4 Nc5 14. Bxc5 Qxc5 15. Qe2 h5 16. e5 dxe5 17. Nde4 Qc7 18. f5 O-O-O 19. fxe6 fxe6 20. c5 b5 21. b4 Rd4 22. a4 Rhd8 23. Nxf6 Rxd3 24. Nfe4 bxa4 25.
b5 axb5 26. Nxb5 Qc6 27. Na7+ 1-0

[Event "*** Titled Tuesday 3|2 Blitz"]
[Site "Chess.com"]
[Date "2015.11.03"]
[Round "3"]
[White "SenseiJulio"]
[Black "manubibi"]
[Result "1-0"]
[WhiteElo "2650"]
[BlackElo "2442"]
[TimeControl "180+2"]
[EndTime "11:31:33 PST"]
[Termination "SenseiJulio won by resignation"]

1. d4 Nf6 2. c4 g6 3. Nc3 Bg7 4. e4 d6 5. h3 O-O 6. Be3 e5 7.
d5 Nh5 8. Be2 Nf4 9. Bf3 f5 10.
g3 Nh5 11. exf5 e4 12. Bxe4 gxf5 13. Bc2 Qe8 14. Qd2 Bh6 15. Nge2 Na6 16. Bxh6 1-0

[Event "*** Titled Tuesday 3|2 Blitz"]
[Site "Chess.com"]
[Date "2015.11.03"]
[Round "3"]
[White "Blitzstream"]
[Black "Saitama_Hero"]
[Result "1-0"]
[WhiteElo "2399"]
[BlackElo "2155"]
[TimeControl "180+2"]
[EndTime "11:31:44 PST"]
[Termination "Blitzstream won by checkmate"]

1. d4 Nf6 2. Bg5 Ne4 3. Bh4 g5 4. f3 gxh4 5. fxe4 c5 6. e3 Bh6 7. Bc4 d5 8. exd5 Bxe3 9. Nf3 h3 10. gxh3 cxd4 11. Nbd2 Bxh3 12. Qe2 Rg8 13. O-O-O Rg2 14. Qd3 f5 15. Nxd4 f4 16. Qxh7 Bg4 17. Bb5+ Kf8 18.
Qh8+ Kf7 19. Qxd8 Nc6 20. Qxa8 Nxd4 21. Qe8+ Kf6 22. Qf8+ Kg5 23. Qxe7+ Kh6 24. Qf6+ Kh5 25. Be8# 1-0

[Event "*** Titled Tuesday 3|2 Blitz"]
[Site "Chess.com"]
[Date "2015.11.03"]
[Round "3"]
[White "Canonkasparov"]
[Black "Moltini"]
[Result "1-0"]
[WhiteElo "2369"]
[BlackElo "2206"]
[TimeControl "180+2"]
[EndTime "11:31:55 PST"]
[Termination "Canonkasparov won by checkmate"]

1. d4 Nf6 2. Nf3 g6 3. Bg5 Bg7 4.
c3 O-O 5. Nbd2 b6 6. e3 Bb7 7. Bc4 d5 8. Be2 c5 9. a4 Nbd7 10. O-O Re8 11. Bf4 Nh5 12. Ne5 Nxf4 13. exf4 f6 14.
Nxd7 Qxd7 15. Bb5 Bc6 16. Bxc6 Qxc6 17. Nf3 Qd6 18. g3 Rad8 19. Re1 e5 20. fxe5 fxe5 21.
dxe5 Bxe5 22. Qe2 Bxc3 23. Qxe8+ Rxe8 24. Rxe8+ Kf7 25. Ra8 Ba5 26. Ng5+ Kf6 27. Nxh7+ Kf5 28. Rf8+ Ke4 29. Rd1 d4 30. Nf6+ Kf3 31. Kf1 c4 32.
Rf7 Qe6 33. Nh7+ Kg4 34. Rxd4+ Kh5 35. Rh4# 1-0

[Event "*** Titled Tuesday 3|2 Blitz"]
[Site "Chess.com"]
[Date "2015.11.03"]
[Round "3"]
[White "BjarkeSahl"]
[Black "Rickstereo"]
[Result "1-0"]
[WhiteElo "2167"]
[BlackElo "2089"]
[TimeControl "180+2"]
[EndTime "11:32:07 PST"]
[Termination "BjarkeSahl won by resignation"]

1. e4 c5 2. Nf3 Nc6 3. d4 cxd4 4. Nxd4 Nf6 5. Nc3 e5 6. Nxc6 bxc6 7. f4 Bb4 8. fxe5 Nxe4 9. Qd4 Qa5 10. Qxe4 Bxc3+ 11.
bxc3 Qxc3+ 12. Kf2 Qxa1 13. Ba3 Qc3 14. Bb4 Qb2 15.
Bd6 Qb6+ 16. Kg3 h5 17. Bc4 h4+ 18. Kh3 Ba6 19. Rf1 Bxc4 20. Qxc4 O-O-O 21. Rf3 Rh6 22.
Rb3 1-0

[Event "*** Titled Tuesday 3|2 Blitz"]
[Site "Chess.com"]
[Date "2015.11.03"]
[Round "3"]
[White "joppie2"]
[Black "pedromartinez91"]
[Result "1-0"]
[WhiteElo "2345"]
[BlackElo "2186"]
[TimeControl "180+2"]
[EndTime "11:32:18 PST"]
[Termination "joppie2 won on time"]

1. e4 c5 2. Nf3 Nc6 3. d4 cxd4 4. Nxd4 g6 5. c4 Bh6 6. Bxh6 Nxh6 7. Nc3 O-O 8. Be2 d6 9. O-O Nxd4 10. Qxd4 Ng4 11.
Bxg4 Bxg4 12. f3 Be6 13. b3 Qa5 14. Rfd1 Qc5 15. a4 Rac8 16. Kf2 Qb4 17. Rab1 a6 18.
h4 f5 19. Re1 f4 20. Nd5 Bxd5 21. exd5 Rf7 22. Re4 b5 23. cxb5 Rc2+ 24. Kf1 Qa3 25.
bxa6 Qa2 26. Rbe1 Rxg2 27. a7 Rf8 28. Rxe7 1-0

[Event "*** Titled Tuesday 3|2 Blitz"]
[Site "Chess.com"]
[Date "2015.11.03"]
[Round "3"]
[White "kikydu96"]
[Black "Sadovsky_Artem"]
[Result "0-1"]
[WhiteElo "2251"]
[BlackElo "2485"]
[TimeControl "180+2"]
[EndTime "11:32:41 PST"]
[Termination "Sadovsky_Artem won by resignation"]

1. e4 g6 2. d4 Bg7 3. Nc3 d6 4. Be2 a6 5. h4 b5 6. h5 Bb7 7. a3 Nd7 8. h6 Bf6 9. f4 e6 10. Nf3 c5 11. e5 cxd4 12. Qxd4 dxe5 13. fxe5 Nxe5 14. Qxd8+ Rxd8 15. Nxe5 Bxe5 16. O-O Ne7 17. Bg5 Rd7 18. Rad1 Rxd1 19. Rxd1 Nd5 20. Nxd5 Bxd5 21.
c4 bxc4 22. Bxc4 f6 23. Bxd5 exd5 24. Rxd5 Kf7 25. b4 Ke6 26. Ra5 fxg5 27. Rxa6+ Kf5 28. Ra7 g4 29. Rf7+ Ke4 30. b5 Rc8 31. Rf1 Ra8 32.
Re1+ Kd5 33. Rd1+ Bd4+ 34. Kf1 Rxa3 35. Re1 Ra1 36. Rxa1 Bxa1 37. Kf2 Be5 38. Ke3 g5 39. b6 Bd4+ 40. Kd3 Bxb6 0-1

[Event "*** Titled Tuesday 3|2 Blitz"]
[Site "Chess.com"]
[Date "2015.11.03"]
[Round "3"]
[White "HansCoolNiemann"]
[Black "Entilza"]
[Result "1-0"]
[WhiteElo "2141"]
[BlackElo "2038"]
[TimeControl "180+2"]
[EndTime "11:32:55 PST"]
[Termination "HansCoolNiemann won by resignation"]

1. d4 Nf6 2. c4 e6 3. Nc3 d5 4.
cxd5 exd5 5. Bg5 c6 6. Qc2 g6 7.
e4 dxe4 8. Bxf6 Qxf6 9. Qxe4+ Qe7 10. Nf3 Bf5 11. Qxe7+ Bxe7 12. Bc4 Nd7 13. O-O Nb6 14.
Bb3 Kf8 15. Rfe1 Rd8 16. Rad1 Bf6 17. Ne5 Nd5 18. Nxd5 cxd5 19. Rc1 Kg7 20. Rc7 Bxe5 21. Rxe5 Rd7 22. Rxd7 Bxd7 23. Bxd5 Rc8 24. h3 Rc1+ 25. Kh2 Kf6 26. Re3 Be6 27. Bxb7 Rd1 28. Ra3 Rd2 29. Bf3 Rxb2 30. d5 Bf5 31. Rxa7 Rxf2 32. a4 h5 33. Kg3 Ra2 34. a5 g5 35. Bxh5 Be4 36. Rxf7+ Ke5 37. Bf3 Kxd5 38. Rf5+ Kd4 39. Bxe4 Kxe4 40. Rxg5 1-0

[Event "*** Titled Tuesday 3|2 Blitz"]
[Site "Chess.com"]
[Date "2015.11.03"]
[Round "3"]
[White "TomsKantans"]
[Black "Aygehovit1992"]
[Result "0-1"]
[WhiteElo "2263"]
[BlackElo "2484"]
[TimeControl "180+2"]
[EndTime "11:33:07 PST"]
[Termination "Aygehovit1992 won by resignation"]

1. e4 c5 2. Nf3 e6 3. g3 Nc6 4.
Bg2 b5 5. O-O Bb7 6. Qe2 Qb6 7. a4 bxa4 8. Nc3 Nb4 9. d3 Nf6 10.
Nxa4 Qc7 11. b3 Be7 12. Nb2 O-O 13. Nc4 d5 14. exd5 exd5 15. Bf4 Qd7 16. Nce5 Qd8 17. Rfe1 Bd6 18. Qd2 d4 19. Re2 Qc7 20. Bg5 Nfd5 21.
Nc4 Rfe8 22. Rxe8+ Rxe8 23. Nxd6 Qxd6 24. Rxa7 Qb6 25.
Ra1 h6 26. Bf4 Nxf4 27. gxf4 Qg6 28. Kh1 Qg4 29. Nh4 Bxg2+ 30. Nxg2 Re2 31. Qd1 Qf3 32.
Qg1 Nxc2 33. Rf1 Nb4 34. Rd1 Nxd3 0-1

[Event "*** Titled Tuesday 3|2 Blitz"]
[Site "Chess.com"]
[Date "2015.11.03"]
[Round "3"]
[White "motivated_bishop"]
[Black "sorito"]
[Result "0-1"]
[WhiteElo "2138"]
[BlackElo "2074"]
[TimeControl "180+2"]
[EndTime "11:33:15 PST"]
[Termination "sorito won by resignation"]

1. d4 g6 2. c4 c5 3. Nf3 Bg7 4. Nc3 cxd4 5. Nxd4 Nc6 6. Nxc6 bxc6 7. g3 Nf6 8. Bg2 O-O 9. O-O Rb8 10. Qc2 Ba6 11. b3 d5 12. cxd5 cxd5 13. Bb2 Qa5 14. Rfd1 Rfc8 15.
Qd2 Rd8 16. e3 e6 17. Na4 Qxd2 18. Rxd2 Rdc8 19. Bd4 Ne8 20. Nc5 Rxc5 21. Bxc5 Bxa1 22. Bxa7 Rc8 23. h4 Nd6 24. a4 Bc3 25. Rc2 Bd3 26.
Rc1 Bb4 27. Rxc8+ Nxc8 28. Bd4 Bc2 29. Bf1 Bxb3 30. Bb5 Nd6 31. Bc6 Ba5 32. Bc5 Nc4 33. Bd4 Nb6 34. Bxb6 Bxb6 35. Kf1 Ba5 36. Ke2 Bc4+ 37.
Kd1 f5 38. Bb5 Bxb5 39. axb5 Kf7 40. Kc2 Ke7 41. Kb3 Kd6 42. Ka4 Bb6 43. Kb4 e5 44. Kb3 Kc5 45. Ka4 Kc4 0-1

[Event "*** Titled Tuesday 3|2 Blitz"]
[Site "Chess.com"]
[Date "2015.11.03"]
[Round "3"]
[White "FrankieJay"]
[Black "jcgs1030"]
[Result "1-0"]
[WhiteElo "2181"]
[BlackElo "2108"]
[TimeControl "180+2"]
[EndTime "11:33:31 PST"]
[Termination "FrankieJay won by resignation"]

1. e4 c5 2. Nf3 d6 3. d4 cxd4 4.
Nxd4 Nf6 5. Nc3 g6 6. Be3 Bg7 7. f3 O-O 8. Qd2 Nc6 9. Bc4 Bd7 10. h4 Rc8 11. Bb3 h5 12. O-O-O Ne5 13. Bg5 Rc5 14. Kb1 Re8 15. Rhe1 b5 16. f4 Nc4 17. Bxc4 bxc4 18.
e5 Qb6 19. exf6 Rb8 20. Nb3 cxb3 21. axb3 exf6 22. Qxd6 Bg4 23. Ne4 fxg5 24. Qxc5 Qxc5 25. Nxc5 Bxd1 26. Rxd1 gxf4 27. Nd3 Rd8 28. Rf1 Bh6 29. Nxf4 Rd2 30. g3 Rh2 31. b4 Kg7 32. c4 Rd2 33. b5 Rd4 34. b3 Bxf4 35. gxf4 Kf6 36. c5 Rb4 37. Kb2 Rxb5 38. Rc1 Rb8 39. c6 Rc8 40. Rc5 Ke6 41. b4 Kd6 42. Ra5 Rc7 43. b5 Kc5 44.
Kb3 Kb6 45. Kb4 Re7 46. Ra6+ Kc7 47. Rxa7+ Kd6 48. Rxe7 Kxe7 49. b6 Kd6 50. b7 Kc7 51. Kc5 f6 52. Kd5 g5 53. fxg5 fxg5 54. hxg5 h4 55. Ke4 h3 56. Kf3 1-0

[Event "*** Titled Tuesday 3|2 Blitz"]
[Site "Chess.com"]
[Date "2015.11.03"]
[Round "3"]
[White "Makalexa"]
[Black "Viaje"]
[Result "0-1"]
[WhiteElo "2106"]
[BlackElo "2261"]
[TimeControl "180+2"]
[EndTime "11:33:50 PST"]
[Termination "Viaje won by checkmate"]

1. e4 c5 2. Nf3 d6 3. d4 cxd4 4. Nxd4 Nf6 5. Nc3 a6 6. Be3 e5 7. Nb3 Be6 8. Qd2 Be7 9. O-O-O Ng4 10. f4 Nxe3 11. Qxe3 exf4 12. Qf2 O-O 13. Bd3 Nc6 14. Kb1 b5 15. g3 b4 16. Nd5 f3 17. Nxe7+ Qxe7 18. Qxf3 a5 19. Qh5 g6 20. Qh6 a4 21. Nd2 b3 22. Nf3 a3 23. cxb3 Ne5 24. Ng5 f6 25.
Nxe6 Qxe6 26. h4 Nxd3 27. Rxd3 Qxe4 28. Rd1 axb2 29. h5 g5 30. Kxb2 d5 31. Rxd5 Qe2+ 32. R1d2 Qa6 33. a4 Rfb8 34. Rd7 Rxb3+ 35. Kxb3 Qxa4+ 36.
Kb2 Qb5+ 37. Kc2 Rc8+ 38. Kd1 Qf1# 0-1

[Event "*** Titled Tuesday 3|2 Blitz"]
[Site "Chess.com"]
[Date "2015.11.03"]
[Round "3"]
[White "Iball95"]
[Black "Goala"]
[Result "1-0"]
[WhiteElo "2361"]
[BlackElo "2225"]
[TimeControl "180+2"]
[EndTime "11:33:51 PST"]
[Termination "Iball95 won by checkmate"]

1. e4 e6 2. d4 d5 3. Nd2 Nf6 4. e5 Nfd7 5. Bd3 c5 6. c3 Nc6 7.
Ne2 cxd4 8. cxd4 f6 9. Nf4 Nxd4 10. Qh5+ Ke7 11. Ng6+ hxg6 12. exf6+ Nxf6 13. Qxh8 Kf7 14. O-O e5 15. Nb3 Nxb3 16. axb3 Bf5 17. Bxf5 gxf5 18. Bg5 Bc5 19. Qh3 Qd7 20. Rac1 Bb6 21. Bxf6 Kxf6 22.
Qh4+ Kf7 23. Rfd1 d4 24. g3 Rd8 25. Qg5 Qe6 26. b4 d3 27. Rc5 Rd4 28. Qh5+ Kg8 29.
Rc3 e4 30. Qg5 Rxb4 31. Rdc1 Rxb2 32. Rc8+ Kf7 33. R1c7+ Bxc7 34. Rxc7+ Kg8 35. Qxg7# 1-0

[Event "*** Titled Tuesday 3|2 Blitz"]
[Site "Chess.com"]
[Date "2015.11.03"]
[Round "3"]
[White "dretch"]
[Black "kleinebeer98"]
[Result "1-0"]
[WhiteElo "2485"]
[BlackElo "2238"]
[TimeControl "180+2"]
[EndTime "11:34:10 PST"]
[Termination "dretch won by checkmate"]

1. d4 Nf6 2. c4 e6 3. Nc3 Bb4 4. Qc2 d5 5. cxd5 exd5 6. Bg5 h6 7. Bxf6 Qxf6 8. a3 Bxc3+ 9. Qxc3 Nc6 10. e3 O-O 11.
Bb5 Qg6 12. g3 Bf5 13. Ne2 Be4 14. O-O Qg4 15. f3 Bxf3 16. Nf4 Be4 17. Bxc6 bxc6 18. Qxc6 Rab8 19. Rf2 Rb3 20. Re1 Rfb8 21. Qxc7 Rxb2 22. Ref1 h5 23. Qe5 h4 24. Nxd5 hxg3 25. Ne7+ Kh8 26.
Qxg3 Qxg3+ 27. hxg3 Rxf2 28. Rxf2 Rb1+ 29. Rf1 Rb2 30.
Rf4 Bb7 31. Rh4# 1-0